AoeStats
← [KO19] Lord_Turfux

Lombardia

508733218Analyzed
4v4 RM · 10d ago on Sep 23, 2026· 46m 33s· 8 players
Game mode
Random Map
Map size
Large (8 player)
Population
200
Speed
Normal
Resources
Standard
Victory
Conquest
Starting age
Dark Age
Ending age
Imperial Age
RankedLock teamsTeams togetherTeam positionsShared explorationLock speedFull tech treeHidden civsTurbo modeCheats
Victory
Defeat
🇩🇪 Mongols · Germany
1745
+9
🇩🇪 Danes · Germany
1667
+12
🇩🇪 Saxons · Germany
1606
+15
🇩🇪 Varangians · Germany
1605
+15
1620
-14
🇨🇴 Hindustanis · Colombia
1604
-14
🇺🇸 Burgundians · United States
1575
-12
🇦🇷 Ethiopians · Argentina
1537
-11
jmolinao
5:57 Loom
8:47 Feudal Age
9:39 Double-Bit Axe
14:02 Horse Collar
19:38 Castle Age
19:18 Forging
19:13 Scale Barding Armor
19:43 Gold Mining
20:41 Wheelbarrow
20:25 Light Cavalry
21:44 Bloodlines
22:29 Heavy Plow
23:45 Husbandry
26:14 Chain Barding Armor
34:40 Imperial Age
32:34 Hand Cart
32:05 Town Watch
32:58 Iron Casting
33:46 Gold Shaft Mining
33:02 Stone Mining
35:09 Fletching
35:01 Heavy Camel Rider
36:17 Plate Barding Armor
35:40 Hussar
36:40 Bow Saw
37:09 Imperial Camel Rider
38:58 Conscription
40:43 Chemistry
39:55 Masonry
42:06 Two-Man Saw
44:50 Caravan
44:42 Elite Skirmisher
45:18 Bodkin Arrow
46:24 Blast Furnace
45:25 Padded Archer Armor
bdstanley32
4:36 Double-Bit Axe
7:25 Loom
10:11 Feudal Age
11:24 Bow Saw
12:36 Horse Collar
19:13 Castle Age
17:48 Forging
18:03 Heavy Plow
21:28 Wheelbarrow
21:18 Husbandry
23:09 Gold Mining
23:54 Scale Barding Armor
24:26 Iron Casting
25:21 Hand Cart
25:14 Town Watch
25:58 Chain Barding Armor
26:12 Stone Mining
27:38 Stone Shaft Mining
29:20 Gold Shaft Mining
29:52 Cavalier
34:45 Imperial Age
32:31 Fletching
33:12 Burgundian Vineyards
34:03 Bodkin Arrow
33:58 Elite Skirmisher
34:53 Paladin
36:10 Plate Barding Armor
36:36 Blast Furnace
36:02 Conscription
36:39 Bracer
37:03 Ballistics
37:44 Chemistry
37:00 Light Cavalry
39:02 Two-Man Saw
38:36 Crop Rotation
37:47 Hussar
39:14 Padded Archer Armor
45:02 Caravan
46:27 Masonry
45:58 Treadmill Crane
TKB_
9:33 Feudal Age
9:47 Man-at-Arms
12:39 Loom
13:39 Fletching
26:10 Castle Age
24:48 Double-Bit Axe
26:47 Crossbowman
27:59 Bow Saw
31:08 Bodkin Arrow
31:58 Wheelbarrow
32:23 Padded Archer Armor
35:10 Thumb Ring
35:22 Leather Archer Armor
36:49 Ballistics
44:31 Imperial Age
43:31 Hand Cart
45:22 Bracer
44:47 Arbalester
trói em vào cột điện
9:07 Feudal Age
9:44 Double-Bit Axe
10:05 Horse Collar
14:31 Bloodlines
16:10 Loom
22:26 Castle Age
23:24 Bow Saw
23:20 Husbandry
24:43 Wheelbarrow
24:51 Scale Barding Armor
25:48 Heavy Plow
29:17 Chain Barding Armor
31:11 Forging
35:41 Imperial Age
35:48 Imperial Age
33:28 Gold Mining
33:30 Stone Mining
34:37 Hand Cart
35:31 Vendel Legacy
35:56 Town Watch
35:58 Elite Jarl
36:59 Conscription
36:09 Cavalier
36:30 Gothikon
36:52 Gothikon
36:57 Elite Jarl
37:43 Caravan
38:53 Iron Casting
40:00 Plate Barding Armor
39:34 Light Cavalry
46:01 Blast Furnace
44:52 Fletching
[KO19] Davide
6:36 Loom
8:59 Feudal Age
9:44 Double-Bit Axe
10:51 Horse Collar
11:17 Town Watch
16:10 Bloodlines
19:34 Gold Mining
22:01 Castle Age
20:49 Scale Barding Armor
20:54 Forging
23:16 Chain Barding Armor
23:09 Bow Saw
23:31 Heavy Plow
26:41 Husbandry
28:34 Wheelbarrow
35:03 Imperial Age
33:29 Hand Cart
34:46 Iron Casting
35:24 Cavalier
36:40 Plate Barding Armor
36:54 Conscription
37:37 Blast Furnace
37:08 Vendel Legacy
39:08 Fletching
39:44 Ballistics
41:48 Chemistry
40:48 Bodkin Arrow
41:38 Stone Mining
43:07 Coinage
43:04 Bracer
[KO19] Tony
5:58 Loom
8:08 Feudal Age
9:09 Double-Bit Axe
15:41 Forging
21:59 Castle Age
19:58 Horse Collar
23:09 Bow Saw
22:59 Heavy Plow
23:58 Wheelbarrow
29:25 Hand Cart
29:15 Town Watch
29:25 Stone Mining
29:26 Gold Mining
29:26 Stone Mining
29:51 Gold Mining
32:16 Town Patrol
35:08 Imperial Age
32:40 Scale Mail Armor
32:42 Squires
32:28 Arson
33:32 Gold Shaft Mining
33:54 Chain Mail Armor
34:14 Iron Casting
36:25 Plate Mail Armor
35:23 Elite Varangian Guard
36:57 Conscription
37:34 Shield Wall
40:21 Ballistics
41:02 Chemistry
39:53 Guard Tower
39:44 Capped Ram
41:21 Coinage
42:06 Siege Engineers
42:14 Masonry
42:53 Banking
41:57 Siege Ram
44:24 Keep
[KO19] Stynz
10:12 Feudal Age
10:13 Loom
14:27 Castle Age
12:25 Double-Bit Axe
14:16 Horse Collar
14:43 Fletching
15:19 Bodkin Arrow
15:36 Bow Saw
25:39 Wheelbarrow
25:03 Town Watch
26:02 Husbandry
26:39 Bloodlines
26:43 Gold Mining
27:17 Padded Archer Armor
30:33 Hand Cart
34:06 Imperial Age
31:54 Thumb Ring
31:56 Heavy Plow
32:46 Ballistics
35:00 Bracer
36:01 Chemistry
39:26 Leather Archer Armor
41:10 Cranequins
43:37 Heavy Mounted Crossbowman
44:48 Ring Archer Armor
44:54 Conscription
[KO19] Lord_Turfux
8:40 Feudal Age
10:08 Double-Bit Axe
10:52 Horse Collar
12:50 Loom
17:49 Castle Age
17:11 Bloodlines
16:53 Fletching
17:05 Gold Mining
19:07 Bow Saw
19:01 Heavy Plow
19:24 Fletching
21:47 Ballistics
22:23 Husbandry
25:39 Bodkin Arrow
31:27 Padded Archer Armor
32:17 Wheelbarrow
32:38 Leather Archer Armor
32:35 Thumb Ring
36:47 Imperial Age
34:15 Stone Mining
36:29 Hand Cart
37:31 Bracer
37:53 Conscription
39:15 Chemistry
38:58 Elite Mangudai
41:02 Caravan
45:33 Nomads
46:13 Coinage
Connection lost

Rejoining the realm…

Still unreachable

The connection could not be restored.

Session expired

The server has moved on; the page needs a fresh start.